Map: Graystone Ravine

Players

neulaender

  • Race: Zerg Zerg
  • Spawn Location: 3:00

knoten

  • Race: Protoss Protoss
  • Spawn Location: 11:00

Bunnyvere

  • Race: Protoss Protoss
  • Spawn Location: 5:00

Baumdoktor

  • Race: Protoss Protoss
  • Spawn Location: 9:00

VOD

Have the link to the VOD?

Description

Time

  • Played on: Sept. 11, 2016, 1:34 p.m.
  • Length: 10:47
Show
View Real Time Build Order
Export as new Build Order

neulaender Zerg 

Build Orders: Pool First 

Get SALT Encoding   

  12  0:01  Drone  
  13  0:08  Drone  
  14  0:17  Overlord  
  14  0:34  Spawning Pool  
  13  0:38  Drone, Extractor  
  13  0:43  Drone  
  13  0:47  Drone  
  15  1:14  Drone  
  16  1:20  Hatchery  
  15  1:34  Queen  
  17  1:42  Metabolic Boost  
  17  1:50  Zergling x4  
  19  1:54  Zergling x2  
  20  2:05  Drone  
  21  2:16  Drone  
  22  2:34  Drone x2  
  22  2:35  Overlord  
  24  2:40  Evolution Chamber  
  24  2:43  Queen, Evolution Chamber  
  24  2:45  Drone x2  
  24  2:47  Drone  
  27  2:54  Extractor  
  27  2:55  Zergling x2  
  27  2:59  Drone  
  28  3:07  Drone x2  
  30  3:16  Drone  
  31  3:22  Drone x2  
  31  3:23  Drone x2  
  35  3:27  Drone  
  36  3:36  Overlord  
  36  3:55  Spore Crawler  
  35  3:59  Spore Crawler  
  34  4:02  Spine Crawler  
  34  4:06  Drone x2, Spine Crawler  
  34  4:07  Drone x3  
  37  4:24  Drone  
  37  4:25  Drone x5  
  37  4:30  Zerg Melee Weapons Level 1  
  42  4:40  Drone x2  
  42  4:42  Overlord  
  42  4:44  Overlord  
  41  5:02  Zerg Ground Armor Level 1  
  41  5:03  Lair  
  41  5:05  Drone x4  
  45  5:10  Zergling x6  
  48  5:25  Extractor  
  48  5:26  Extractor  
  46  5:30  Roach Warren  
  45  5:37  Hatchery  
  44  5:43  Drone x3  
  44  5:44  Drone  
  44  5:45  Drone x2  
  50  6:00  Zergling x2  
  50  6:01  Zergling x10  
  56  6:17  Drone x4  
  60  6:18  Overlord  
  53  6:58  Glial Reconstitution  
  52  7:01  Zerg Melee Weapons Level 2, Zerg Missile Weapons Level 1  
  52  7:05  Pneumatized Carapace  
  52  7:07  Roach x11  
  74  7:09  Overlord x2  
  74  7:14  Overlord  
  74  7:21  Overlord x2  
  74  7:27  Queen  
  76  7:32  Overseer  
  78  7:37  Roach x5  
  78  7:38  Roach x5  
  96  7:48  Drone  
  96  7:50  Drone  
  98  7:58  Drone  
  99  8:00  Overlord x2  
  99  8:01  Overlord x2  
  99  8:02  Roach x4  
  107  8:23  Roach x5  
  117  8:29  Tunneling Claws  
  117  8:31  Burrow  
  115  8:35  Spire  
  98  8:59  Roach  
  98  9:00  Roach x13  
  104  9:17  Hydralisk Den  
  104  9:22  Roach  
  104  9:23  Roach x6  
  117  9:27  Zergling x2  
  117  9:28  Zergling x4  
  120  9:35  Drone  
  120  9:37  Roach  
  115  9:56  Roach x2  
  115  9:57  Roach x6  
  115  9:58  Roach x5  
  113  10:02  Roach x27  
  113  10:05  Drone x3  
  113  10:06  Drone  
Show
View Real Time Build Order
Export as new Build Order

knoten Protoss 

Build Orders:  

Get SALT Encoding   

  12  0:02  Probe (Chrono Boost)  
  13  0:15  Assimilator  
  13  0:19  Probe (Chrono Boost)  
  14  0:43  Pylon  
  14  0:50  Probe (Chrono Boost)  
  15  0:57  Pylon  
  15  1:02  Gateway, Probe (Chrono Boost)  
  16  1:12  Probe (Chrono Boost)  
  16  1:17  Assimilator  
  17  1:23  Gateway  
  17  1:25  Probe (Chrono Boost)  
  18  1:40  Gateway  
  18  1:48  Forge  
  19  1:54  Probe (Chrono Boost)  
  19  2:04  Probe (Chrono Boost)  
  19  2:06  Zealot  
  22  2:15  Probe (Chrono Boost)  
  23  2:28  Zealot  
  25  2:33  Zealot  
  27  2:41  Zealot  
  29  2:47  Probe (Chrono Boost)  
  30  2:58  Probe (Chrono Boost)  
  31  3:24  Pylon  
  31  3:26  Pylon  
  31  3:42  Probe (Chrono Boost), Zealot x3  
  38  3:53  Probe (Chrono Boost)  
  39  3:55  Protoss Ground Weapons Level 1  
  39  4:03  Probe (Chrono Boost)  
  39  4:09  Zealot x3  
  46  4:54  Zealot  
  46  5:01  Pylon  
  46  5:03  Pylon  
  46  5:09  Pylon  
  46  5:11  Pylon  
  47  5:14  Probe (Chrono Boost)  
  47  5:19  Zealot  
  47  5:20  Zealot  
  51  5:21  Zealot  
  53  5:47  Zealot  
  53  5:48  Zealot  
  57  5:50  Protoss Ground Armor Level 1  
  57  6:00  Nexus  
  57  6:10  Pylon  
  57  6:26  Zealot  
  57  6:28  Zealot  
  57  6:29  Zealot  
  57  6:30  Cybernetics Core  
  57  6:31  Probe (Chrono Boost)  
  64  7:06  Assimilator, Stalker  
  64  7:07  Stalker x2  
  72  7:26  Mothership Core (Chrono Boost)  
  72  7:33  Stalker  
  72  7:36  Stalker  
  72  7:37  Stalker  
  76  7:40  Probe (Chrono Boost)  
  76  7:44  Protoss Shields Level 1  
  79  7:51  Probe (Chrono Boost)  
  80  7:58  Protoss Air Weapons Level 1  
  80  7:59  Stalker  
  80  8:05  Stalker  
  82  8:06  Probe (Chrono Boost), Stalker  
  87  8:16  Probe (Chrono Boost)  
  79  8:27  Probe (Chrono Boost)  
  79  8:29  Stalker  
  79  8:32  Sentry  
  68  8:54  Stalker  
  64  9:23  Probe (Chrono Boost)  
  65  9:33  Probe (Chrono Boost)  
  66  9:44  Adept  
  66  9:48  Adept  
  66  9:49  Adept  
  72  10:07  Adept  
  74  10:15  Adept  
  74  10:16  Adept  
Show
View Real Time Build Order
Export as new Build Order

Bunnyvere Protoss 

Build Orders:  

Get SALT Encoding   

  12  0:03  Probe (Chrono Boost)  
  13  0:13  Probe (Chrono Boost)  
  14  0:21  Pylon  
  14  0:24  Probe (Chrono Boost)  
  15  0:39  Probe (Chrono Boost)  
  15  0:40  Assimilator  
  16  0:47  Gateway  
  17  0:50  Probe (Chrono Boost)  
  17  0:57  Pylon  
  17  1:02  Probe (Chrono Boost)  
  18  1:12  Forge  
  18  1:13  Probe (Chrono Boost)  
  19  1:32  Gateway  
  19  2:07  Zealot  
  21  2:14  Gateway  
  21  2:16  Photon Cannon  
  21  2:23  Zealot  
  21  2:27  Protoss Ground Weapons Level 1  
  23  2:34  Zealot  
  23  2:35  Pylon  
  25  2:40  Cybernetics Core  
  25  2:41  Probe (Chrono Boost)  
  26  2:48  Assimilator  
  26  2:59  Pylon  
  26  3:07  Zealot  
  28  3:15  Probe (Chrono Boost)  
  29  3:21  Photon Cannon  
  29  3:27  Photon Cannon  
  29  3:30  Probe (Chrono Boost)  
  30  3:38  Pylon  
  30  3:43  Warp Gate  
  30  4:05  Stalker x3  
  36  4:20  Pylon  
  36  4:27  Pylon  
  36  4:29  Protoss Ground Armor Level 1  
  36  4:48  Probe (Chrono Boost)  
  29  5:00  Nexus  
  29  5:06  Pylon  
  29  5:26  Photon Cannon  
  29  5:43  Pylon  
  29  5:51  Pylon  
  29  6:00  Gateway  
  29  6:03  Gateway  
  29  6:07  Gateway  
  29  6:12  Stalker x3  
  35  6:26  Probe (Chrono Boost)  
  35  6:30  Probe (Chrono Boost)  
  37  6:37  Probe (Chrono Boost)  
  38  6:43  Probe (Chrono Boost)  
  38  6:44  Twilight Council  
  34  7:30  Probe x2 (Chrono Boost)  
  34  7:33  Blink  
  35  7:40  Stalker x4  
  35  7:41  Probe (Chrono Boost), Stalker x2  
  35  7:42  Probe (Chrono Boost)  
  49  8:04  Mothership Core (Chrono Boost), Probe (Chrono Boost)  
  52  8:08  Stalker x3  
  52  8:09  Stalker x2  
  56  8:14  Probe (Chrono Boost)  
  45  9:11  Pylon  
  45  9:14  Pylon  
  45  9:18  Pylon  
  45  9:31  Stalker x5  
  49  9:32  Stalker  
  33  10:37  Nexus  
Show
View Real Time Build Order
Export as new Build Order

Baumdoktor Protoss 

Build Orders: 1 Gate Expand 

Get SALT Encoding   

  12  0:02  Probe (Chrono Boost)  
  13  0:12  Probe (Chrono Boost)  
  14  0:23  Probe (Chrono Boost)  
  14  0:25  Pylon  
  15  0:44  Probe (Chrono Boost)  
  15  0:45  Gateway  
  16  0:54  Probe (Chrono Boost)  
  17  1:05  Probe (Chrono Boost)  
  18  1:15  Probe (Chrono Boost)  
  19  1:34  Probe (Chrono Boost)  
  20  1:42  Nexus  
  20  1:43  Pylon  
  20  1:44  Assimilator  
  20  1:45  Probe (Chrono Boost)  
  20  1:47  Assimilator  
  21  1:55  Probe (Chrono Boost)  
  22  2:02  Pylon  
  22  2:06  Probe (Chrono Boost)  
  23  2:13  Cybernetics Core  
  23  2:18  Probe (Chrono Boost)  
  24  2:27  Gateway  
  24  2:28  Probe (Chrono Boost)  
  25  2:32  Gateway  
  25  2:43  Probe (Chrono Boost)  
  26  2:54  Probe (Chrono Boost)  
  26  2:56  Stargate  
  27  3:04  Probe (Chrono Boost)  
  28  3:12  Stargate  
  28  3:17  Probe (Chrono Boost)  
  28  3:28  Probe (Chrono Boost)  
  28  3:29  Probe (Chrono Boost)  
  29  3:39  Probe x2 (Chrono Boost)  
  31  3:48  Zealot x2  
  34  3:49  Probe (Chrono Boost)  
  34  3:50  Probe (Chrono Boost), Adept  
  38  4:00  Mothership Core (Chrono Boost), Probe (Chrono Boost)  
  38  4:02  Warp Gate  
  40  4:14  Gateway  
  33  4:51  Probe (Chrono Boost)  
  34  5:02  Probe (Chrono Boost)  
  35  5:12  Probe (Chrono Boost)  
  32  5:23  Probe (Chrono Boost)  
  32  5:24  Void Ray x2  
  41  5:33  Probe (Chrono Boost)  
  42  5:37  Nexus  
  42  5:40  Probe (Chrono Boost)  
  43  5:44  Probe (Chrono Boost)  
  44  5:51  Probe (Chrono Boost)  
  44  5:54  Probe (Chrono Boost)  
  44  5:55  Pylon  
  46  5:58  Pylon  
  46  6:13  Void Ray  
  46  6:14  Probe (Chrono Boost)  
  51  6:19  Probe (Chrono Boost)  
  51  6:24  Probe (Chrono Boost)  
  53  6:28  Void Ray  
  53  6:29  Probe (Chrono Boost)  
  53  6:30  Assimilator  
  58  6:32  Assimilator  
  58  6:34  Zealot  
  58  6:35  Probe (Chrono Boost)  
  55  6:40  Probe (Chrono Boost)  
  53  6:51  Probe (Chrono Boost)  
  53  6:58  Nexus  
  53  7:01  Probe (Chrono Boost)  
  53  7:06  Probe (Chrono Boost)  
  54  7:16  Probe (Chrono Boost)  
  55  7:27  Probe (Chrono Boost)  
  55  7:28  Stalker  
  55  7:29  Stalker x2  
  62  7:42  Pylon  
  62  7:43  Pylon  
  62  8:00  Probe x2 (Chrono Boost)  
  62  8:01  Pylon  
  62  8:03  Pylon  
  64  8:10  Gateway, Probe x2 (Chrono Boost)  
  64  8:12  Gateway  
  62  8:21  Probe x2 (Chrono Boost)  
  62  8:25  Zealot  
  62  8:26  Zealot x3  
  57  8:37  Void Ray  
  45  9:17  Probe (Chrono Boost)  
  46  9:28  Probe (Chrono Boost)  
  47  9:38  Probe (Chrono Boost)  
  47  9:41  Zealot x4  
  47  9:42  Zealot x2  
  59  9:49  Probe (Chrono Boost)  
Tags
 
Add a new tag
Caveats
  • Supply blocks, unpowered buildings, or Contaminate may cause inaccurate times.
  • Supply counts are checked every 10 seconds.